 Dungeon Crawl Stone Soup version 0.31-a0-175-g9f7f995f2b (webtiles) character file.

Game seed: 9890041644570183590

189 qw the Shield-Bearer (level 5, -12/32 HPs)
             Began as a Gargoyle Fighter on June 17, 2023.
             Mangled by an ogre
             ... wielding a +0 giant spiked club
              (29 damage)
             ... on level 3 of the Dungeon.
             The game lasted 00:01:47 (3635 turns).

qw the Shield-Bearer (Gargoyle Fighter)             Turns: 3635, Time: 00:01:48

Health: -12/32     AC: 14    Str: 22    XL:     5   Next: 68%
Magic:  5/5        EV:  5    Int:  8    God:
Gold:   181        SH: 12    Dex:  9    Spells: 4/4 levels left

rFire   . . .        Y - +1 war axe
rCold   . . .        g - +0 tower shield
rNeg    + . .        e - +0 chain mail
rPois   inf          (no helmet)
rElec   +            o - +0 cloak
rCorr   .            (no gloves)
SInv    .            (no boots)
Will    .....        i - amulet of faith Stlth
                     (no ring)
HPRegen 0.25/turn    (no ring)
MPRegen 0.09/turn

%: faith
@: no status effects
A: sickness immunity, AC +4, negative energy resistance 1, electricity
resistance, torment resistance 1, petrification resistance
a: no special abilities


You were on level 3 of the Dungeon.
You visited 1 branch of the dungeon, and saw 4 of its levels.

You collected 181 gold pieces.


Innate Abilities, Weirdness & Mutations

You are immune to sickness and miasma.
Your stone body is resilient. (AC +4)
You are immune to poison.
You resist negative energy. (rN+)
You are resistant to electric shocks. (rElec)
You are resistant to unholy torment.
You are immune to petrification.


   Skills:
 - Level 3.2 Fighting
 - Level 3.0 Axes
 - Level 3.2 Armour
 + Level 6.1 Shields


You had 4 spell levels left.
You didn't know any spells.
Your spell library was empty.

Inventory:

Hand Weapons
 n - a +0 mace
 Y - a +1 war axe (weapon)
Armour
 e - a +0 chain mail (worn)
 g - a +0 tower shield (worn)
 o - a +0 cloak (worn)
Jewellery
 i - an amulet of faith (around neck)
Scrolls
 c - a scroll of identify
Potions
 a - a potion of degeneration {unknown}
 b - a potion of curing {unknown}
 d - a potion of might
 f - 2 potions of haste
 h - a potion of mutation {unknown}
 j - a potion of lignification {unknown}
 l - a potion of cancellation {unknown}

Dungeon Overview and Level Annotations

Branches:
Dungeon (4/15)
 Temple: D:4-7

Altars:
Makhleb
Trog
Xom

Annotations:
D:3 exclusions: goblin and kobold


Message History

Press: ? - help, Dir - move target, f - you Are you sure you want to cancel this blink?
As you read the scroll labelled AFI FOFOTOERE, it crumbles to dust.
It was a scroll of blinking.
Partly explored, can't reach some places.
(D) Dungeon
Where to? (* - list waypoints, Enter - D:3, ? - help)
What level of the Dungeon? (default 1, ? - help)
There is a stone staircase leading up here.
There is a stone staircase leading down here.
You climb downwards.
You hear the hiss of flowing sand.
There is an entrance to an ossuary on this level.
Hurry and find it before the portal is buried!
The ogre shouts!
Found an escape hatch in the floor.
There is a stone staircase leading up here.
An ogre is nearby!
Waypoint 3 assigned to D:4.
3627 ||| PLANNING OSSUARY You barely miss the ogre.
The ogre hits you but does no damage.
You slash the ogre!
The ogre is moderately wounded.
The ogre hits you with a +0 giant spiked club!
3631 ||| STAIRDANCE The ogre hits you with a +0 giant spiked club.
You climb upwards.
Level annotation: exclusions: goblin and kobold
There is a stone staircase leading down here.
You barely miss the ogre.
The ogre is moderately wounded.
The ogre hits you with a +0 giant spiked club!
You hit the ogre but do no damage.
The ogre is moderately wounded.
You block the ogre's attack.
You slash the ogre!
The ogre is severely wounded.
The ogre hits you with a +0 giant spiked club!!
Ouch! That really hurt!
You die...

#.#########.##...######
#.#...#...#.####.# #
#.###.#.###.# #.# # #..%..#.....#
#.# # ####################### #.#
# #.........#...........###.# #
#.#######.#.#########.<...######
#.# #.#.############........ #.#
#......@O....<.......... #.#
###.############....##.. #.# #.#
#(...........# #.#
#.#######.#######.#..# #.#
#..................))#
##.#################.#######.#.#.
##....?..............# #.#.#.
############################.#.#.
.............................#.##


You could see an ogre.

Vanquished Creatures
  An orc priest (D:3)
  Jessica (D:3)
  An orc wizard (D:3)
  4 adders
  3 dart slugs
  6 orcs (D:3)
  5 endoplasms
  A giant cockroach (D:1)
  6 goblins
  8 hobgoblins
  3 quokkas
  6 ball pythons
  6 frilled lizards
  8 kobolds
  7 rats
66 creatures vanquished.

Notes
Turn   | Place    | Note
-------+----------+-------------------------------------------
     0 | D:1      | qw the Gargoyle Fighter began the quest for the Orb.
     0 | D:1      | Reached XP level 1. HP: 14/14 MP: 1/1
     0 | D:1      | 0 ||| qw: Version: 0.3-a-2-g5ab2908
     0 | D:1      | 0 ||| qw: Game counter: 130
     0 | D:1      | 0 ||| qw: Always use a shield: true
     0 | D:1      | 0 ||| qw: God list: Okawaru
     0 | D:1      | 0 ||| qw: Allow faded altars: false
     0 | D:1      | 0 ||| qw: Do Orc after D:15 true
     0 | D:1      | 0 ||| qw: Do second Lair branch before Depths: true
     0 | D:1      | 0 ||| qw: Lair rune preference: random
     0 | D:1      | 0 ||| qw: Plans: Normal, Zot:1-4, Slime:5, God:TSO, Crypt,
                  | Tomb, Abyss, Pan, Hells, Win
     0 | D:1      | 0 ||| PLANNING D:1-11
   222 | D:1      | Reached XP level 2. HP: 19/19 MP: 2/2
   802 | D:1      | Reached skill level 3 in Axes
   909 | D:1      | 909 ||| UPGRADING to +0 tower shield.
   919 | D:1      | 919 ||| DROPPING +0 buckler.
   920 | D:1      | 920 ||| UPGRADING to amulet of faith.
   925 | D:1      | 925 ||| READING scroll labelled AZAXKE HADIYQO.
   926 | D:1      | 926 ||| READING scroll labelled WIBIFY FAL BUO.
   927 | D:1      | 927 ||| READING scroll labelled KEQARCH MUVEWOI.
   931 | D:1      | 931 ||| READING scroll labelled BIUNEJ HAIQUAL.
   957 | D:2      | 957 ||| STAIRDANCE
  1135 | D:2      | Reached XP level 3. HP: 20/23 MP: 3/3
  1215 | D:2      | Reached skill level 4 in Shields
  1244 | D:2      | 1244 ||| Stepping ~*~*~tactically~*~*~ (stealth).
  1291 | D:2      | Reached XP level 4. HP: 26/28 MP: 4/4
  1687 | D:2      | 1687 ||| UPGRADING to +0 chain mail.
  1697 | D:2      | 1697 ||| DROPPING +0 scale mail.
  1698 | D:2      | 1698 ||| UPGRADING to +0 cloak.
  1703 | D:2      | 1703 ||| READING scroll labelled ZENTAI SAPSE.
  1704 | D:2      | 1704 ||| READING scroll labelled ARYZIN YDUNGYN.
  1705 | D:2      | 1705 ||| READING scroll labelled UGEEZX PUIVORPH.
  1806 | D:2      | 1806 ||| DRINKING 3 puce potions.
  1880 | D:3      | Found a shimmering altar of Xom.
  1926 | D:3      | 1926 ||| Stepping ~*~*~tactically~*~*~ (hiding).
  1928 | D:3      | 1928 ||| Stepping ~*~*~tactically~*~*~ (hiding).
  1931 | D:3      | HP: 4/28 [orc priest/+0 mace (4)]
  1932 | D:3      | 1932 ||| READING 2 scrolls of teleportation.
  1934 | D:3      | Reached skill level 5 in Shields
  1934 | D:3      | 1934 ||| FLEEEEING.
  1935 | D:3      | 1935 ||| FLEEEEING.
  1936 | D:3      | 1936 ||| FLEEEEING.
  2101 | D:3      | 2101 ||| DROPPING +0 club.
  2164 | D:3      | Found a burning altar of Makhleb.
  2184 | D:3      | Noticed a cacodemon
  2340 | D:3      | Reached XP level 5. HP: 32/32 MP: 5/5
  2346 | D:3      | 2346 ||| DROPPING +0 whip.
  2424 | D:3      | 2424 ||| Stepping ~*~*~tactically~*~*~ (stealth).
  2472 | D:3      | 2472 ||| Stepping ~*~*~tactically~*~*~ (stealth).
  2487 | D:3      | 2487 ||| Stepping ~*~*~tactically~*~*~ (hiding).
  2594 | D:3      | 2594 ||| Stepping ~*~*~tactically~*~*~ (hiding).
  2606 | D:3      | HP: 8/32 [something/magic dart (6)]
  2607 | D:3      | 2607 ||| READING 2 scrolls of teleportation.
  2610 | D:3      | 2610 ||| READING scroll of teleportation.
  2614 | D:3      | 2614 ||| FLEEEEING.
  2615 | D:3      | 2615 ||| FLEEEEING.
  2618 | D:3      | 2618 ||| FLEEEEING.
  2619 | D:3      | 2619 ||| FLEEEEING.
  2620 | D:3      | 2620 ||| FLEEEEING.
  2621 | D:3      | 2621 ||| FLEEEEING.
  2622 | D:3      | 2622 ||| FLEEEEING.
  2623 | D:3      | 2623 ||| FLEEEEING.
  2624 | D:3      | 2624 ||| FLEEEEING.
  2625 | D:3      | 2625 ||| FLEEEEING.
  2626 | D:3      | 2626 ||| FLEEEEING.
  2627 | D:3      | 2627 ||| FLEEEEING.
  2628 | D:3      | 2628 ||| FLEEEEING.
  2629 | D:3      | 2629 ||| FLEEEEING.
  2630 | D:3      | 2630 ||| FLEEEEING.
  2631 | D:3      | 2631 ||| FLEEEEING.
  2632 | D:3      | 2632 ||| FLEEEEING.
  2633 | D:3      | 2633 ||| FLEEEEING.
  2634 | D:3      | 2634 ||| FLEEEEING.
  2635 | D:3      | 2635 ||| FLEEEEING.
  2636 | D:3      | 2636 ||| FLEEEEING.
  2637 | D:3      | 2637 ||| FLEEEEING.
  2638 | D:3      | 2638 ||| FLEEEEING.
  2639 | D:3      | 2639 ||| FLEEEEING.
  2640 | D:3      | 2640 ||| FLEEEEING.
  2641 | D:3      | 2641 ||| FLEEEEING.
  2642 | D:3      | 2642 ||| FLEEEEING.
  2643 | D:3      | 2643 ||| FLEEEEING.
  2644 | D:3      | 2644 ||| FLEEEEING.
  2645 | D:3      | 2645 ||| FLEEEEING.
  2648 | D:3      | 2648 ||| FLEEEEING.
  2649 | D:3      | 2649 ||| FLEEEEING.
  2650 | D:3      | 2650 ||| FLEEEEING.
  2651 | D:3      | 2651 ||| FLEEEEING.
  2652 | D:3      | 2652 ||| FLEEEEING.
  2653 | D:3      | 2653 ||| FLEEEEING.
  2654 | D:3      | 2654 ||| FLEEEEING.
  2657 | D:3      | 2657 ||| FLEEEEING.
  2658 | D:3      | 2658 ||| FLEEEEING.
  2659 | D:3      | 2659 ||| FLEEEEING.
  2661 | D:3      | 2661 ||| FLEEEEING.
  2662 | D:3      | 2662 ||| FLEEEEING.
  2663 | D:3      | 2663 ||| FLEEEEING.
  2664 | D:3      | 2664 ||| FLEEEEING.
  2665 | D:3      | 2665 ||| FLEEEEING.
  2666 | D:3      | 2666 ||| FLEEEEING.
  2667 | D:3      | 2667 ||| FLEEEEING.
  2668 | D:3      | 2668 ||| FLEEEEING.
  2673 | D:3      | 2673 ||| FLEEEEING.
  2674 | D:3      | 2674 ||| FLEEEEING.
  2675 | D:3      | 2675 ||| FLEEEEING.
  2678 | D:3      | 2678 ||| FLEEEEING.
  2679 | D:3      | 2679 ||| FLEEEEING.
  2680 | D:3      | 2680 ||| FLEEEEING.
  2683 | D:3      | 2683 ||| FLEEEEING.
  2684 | D:3      | 2684 ||| FLEEEEING.
  3128 | D:3      | Noticed Jessica
  3138 | D:3      | Killed Jessica
  3139 | D:3      | Reached skill level 6 in Shields
  3303 | D:3      | Found a bloodstained altar of Trog.
  3306 | D:3      | 3306 ||| READING scroll labelled QEVAIN JOUBYRE.
  3399 | D:3      | 3399 ||| Stepping ~*~*~tactically~*~*~ (hiding).
  3462 | D:3      | 3462 ||| Stepping ~*~*~tactically~*~*~ (stealth).
  3463 | D:3      | 3463 ||| Stepping ~*~*~tactically~*~*~ (stealth).
  3465 | D:3      | 3465 ||| Stepping ~*~*~tactically~*~*~ (hiding).
  3538 | D:3      | 3538 ||| Stepping ~*~*~tactically~*~*~ (stealth).
  3588 | D:3      | 3588 ||| READING scroll labelled AFI FOFOTOERE.
  3626 | D:4      | Noticed an ogre
  3627 | D:4      | 3627 ||| PLANNING OSSUARY
  3631 | D:4      | 3631 ||| STAIRDANCE
  3635 | D:3      | Mangled by an ogre

Levels and vault maps discovered:
D:1:      lightli_arrival_isolated_outpost, layout_basic, kennysheep_nondescript
D:2:      minmay_evil_eye, layout_loops_ring
D:3:      mumra_celtic_spiral_tile, layout_basic, trog_hazing_becter,
          makhleb_altar_promises_db, xom_teletrap_fun, uniq_jessica
D:4:      layout_basic, minmay_temple_entry_statues_fountains, enter_ossuary_2

Skill      XL: |  1  2  3  4  5 |
---------------+----------------+-----
Axes           | 2 3 |  3.0
Shields        | 4 5 6 |  6.1
Fighting       | |  3.2
Armour         | |  3.2

Action                     |  1- 3 |  4- 6 || total
---------------------------+-------+-------++-------
  Melee: War axe           |    86 |   105 ||   191
    Use: Scroll            |     4 |     8 ||    12
         Potion            |       |     1 ||     1
 Armour: Scale mail        |    29 |     5 ||    34
         Chain mail        |       |    43 ||    43
  Dodge: Dodged            |    26 |    15 ||    41
  Block: Buckler           |     6 |       ||     6
         Tower shield      |    33 |    68 ||   101

Table legend:
 A = Non-vault XP
 B = Vault XP
 C = Vault XP percentage of total XP
 D = Non-vault monster count
 E = Vault monster count
 F = Vault count percentage of total count
                 A         B        C        D         E       F
            +---------+---------+-------+---------+---------+-------
      Total |     223 |      47 |  17.4 |      59 |       7 |  10.6
            +---------+---------+-------+---------+---------+-------
        D:1 |      31 |       0 |   0.0 |      19 |       0 |   0.0
        D:2 |      56 |       6 |   9.7 |      16 |       3 |  15.8
        D:3 |     136 |      41 |  23.2 |      24 |       4 |  14.3
            +---------+---------+-------+---------+---------+-------
